 Dungeon Crawl Stone Soup version 0.19-a0-1670-gc28a5d9 (webtiles) character file.

21388 Ijustatesigmund the Destroyer (level 12, -8/68 HPs)
             Began as a Deep Elf Wizard on Sept 20, 2016.
             Was a High Priest of Cheibriados.
             Shot with an arrow by Nessos (19 damage)
             ... on level 13 of the Dungeon on Sept 21, 2016.
             The game lasted 01:36:55 (21166 turns).

Ijustatesigmund the Destroyer (Deep Elf Wizard)    Turns: 21166, Time: 01:36:56

Health: -8/68      AC: 10    Str: 17    XL:     12   Next: 53%
Magic:  10/25      EV: 17    Int: 40    God:    Cheibriados [*****.]
Gold:   718        SH:  0    Dex: 28    Spells: 9 memorised, 2 levels left

rFire  + . .     SeeInvis .     k - +3 short sword (vamp)
rCold  . . .     Gourm    .     I - +0 mottled dragon armour
rNeg   . . .     Faith    .     (no shield)
rPois  .         Spirit   .     z - +1 helmet
rElec  .         Dismiss  .     b - +1 cloak
rCorr  +         Reflect  .     (no gloves)
MR     +....     Harm     .     (no boots)
Stlth  ++++......               (no amulet)
                                u - ring of protection from fire
                                n - ring of resist corrosion

@: lethally poisoned (-8 -> -17), very slow
A: no striking features
a: Bend Time, Temporal Distortion, Slouch, Step From Time, Renounce Religion


You were on level 13 of the Dungeon.
You worshipped Cheibriados.
Cheibriados was extremely pleased with you.
You were not hungry.

You visited 3 branches of the dungeon, and saw 15 of its levels.
You also visited: Sewer.

You collected 770 gold pieces.
You spent 52 gold pieces at shops.

Inventory:

Hand Weapons
 k - a +3 vampiric short sword (weapon)
 l - a cursed -1 dagger
 w - a +1 dagger of protection
 B - a +2 blowgun
 G - the +7 mace of Neurosis {crush, rPois rC+ rN+ Str-4, unknown}
   (You found it on level 9 of the Dungeon)

   It inflicts extra damage upon your enemies.
   It affects your strength (-4).
   It protects you from cold.
   It protects you from poison.
   It protects you from negative energy.
 O - a cursed -2 short sword
Missiles
 f - 17 poisoned needles
 v - 2 throwing nets (quivered)
Armour
 b - a +1 cloak (worn)
 p - a fire dragon hide
 t - a troll hide
 z - a +1 helmet (worn)
 I - a +0 mottled dragon armour (worn)
Jewellery
 g - an uncursed ring of positive energy
 h - an uncursed ring of positive energy
 n - a ring of resist corrosion (left hand)
 u - a ring of protection from fire (right hand)
 y - an uncursed amulet of regeneration
 H - an uncursed ring of stealth
Wands
 m - a wand of acid (2/15)
 r - a wand of enslavement (6/24)
 D - a wand of iceblast (0/15)
 J - a wand of iceblast (0/15)
 L - a wand of heal wounds (9/9)
 Q - a wand of disintegration (17/24)
 R - a wand of teleportation (0/9)
Scrolls
 j - 6 scrolls of remove curse
 o - 3 scrolls of amnesia
 E - 2 scrolls of fog {unknown}
 F - 2 scrolls of blinking
 K - a scroll of brand weapon
 N - a scroll of magic mapping
Potions
 c - a potion of brilliance {unknown}
 e - a potion of cancellation
 i - a potion of agility
 q - 3 potions of curing
 M - 3 potions of lignification
 P - a potion of might {unknown}
Comestibles
 a - 8 royal jellies
 d - 5 bread rations
 A - 4 meat rations
 C - 8 beef jerkies


   Skills:
 + Level 4.8 Fighting
 - Level 6.5 Short Blades
 - Level 5.8 Dodging
 - Level 7.1 Stealth
 - Level 7.7 Spellcasting
 - Level 10.1 Conjurations
 + Level 6.2 Hexes
   Level 1.1 Summonings
 - Level 3.8 Translocations
 - Level 9.4 Fire Magic
 - Level 3.0 Air Magic
 - Level 3.4 Poison Magic
 + Level 10.0 Invocations


You had 2 spell levels left.
You knew the following spells:

 Your Spells              Type           Power        Failure   Level  Hunger
a - Magic Dart            Conj           ####         1%          1    None
b - Blink                 Tloc           N/A          1%          2    None
c - Repel Missiles        Chrm/Air       ####..       2%          2    None
d - Mephitic Cloud        Conj/Pois/Air  ######..     1%          3    None
e - Conjure Flame         Conj/Fire      #######.     1%          3    None
f - Fireball              Conj/Fire      #######...   1%          5    ###....
g - Apportation           Tloc           #####.....   1%          1    None
h - Dazzling Spray        Conj/Hex       ######       1%          3    None
i - Fulminant Prism       Conj/Hex       ######....   1%          4    None


Dungeon Overview and Level Annotations

Branches:
Dungeon (13/15) Temple (1/1) D:5 Lair (1/6) D:11 Orc (0/2) D:10 Vaults (0/5) D:12 D:13

Altars:
Ashenzari
Cheibriados
Dithmenos
Elyvilon
Fedhas
Gozag
Hepliaklqana
Kikubaaqudgha
Makhleb
Nemelex Xobeh
Okawaru
Qazlal
Ru
Sif Muna
Trog
Uskayaw
Vehumet
Xom
Yredelemnul
Zin
The Shining One

Shops:
D:4 (   D:5 %:   D:7 (   D:12 }

Annotations:
D:13 Nessos, Urug


Message History

The fireball explodes!
The fireball engulfs Nessos.
Nessos is heavily wounded.
You hear a roar!
You hear a shout!
The orc closely misses you.
Nessos gestures wildly while chanting.
Nessos seems to speed up.
Casting: Fireball
Confirm with . or Enter, or press ? or * to list all spells.
Aiming: Fireball
Press: ? - help, Shift-Dir - straight line, f/p - Nessos
Aim: Nessos, wielding a longbow of flaming and wearing a centaur barding (heavily wounded, fast)
The fireball explodes!
The fireball engulfs Nessos.
Nessos is almost dead.
Nessos casts a spell.
The orc completely misses you.
Nessos shoots an arrow.
The arrow hits you!
You are poisoned.
The cyclops throws a large rock.
The large rock hits you!
* * * LOW HITPOINT WARNING * * *
You feel sick.
Nessos shoots an arrow.
The arrow hits you!!
You die...

###o #... #...
#..# .#
#.#o##..####.##
#..............
#...o..(.......
#.......Z....#
#.....o..p...#
#.....@∩.....#
#...(.><.c...#
#............#
#......=.C.....
#.......(....#(
#.............#
#.#########..#.
#. [.# .#


You could see Nessos, a cyclops, a human, an orc wizard, 3 orcs and a centaur
warrior skeleton.

Vanquished Creatures
  An unseen horror (D:10)
  A wizard (D:12)
  Pikel (D:7)
  3 ugly things
  3 hill giants
  A necromancer (D:12)
  2 cyclopes (D:12)
  3 centaur zombies
  A centaur skeleton (D:10)
  A gargoyle (D:11)
  A troll (D:10)
  6 hippogriffs
  A shadow (D:11)
  A vampire (D:12)
  14 yaks
  A wraith (D:12)
  2 wyverns
  14 humans
  Menkaure (D:7)
  3 hungry ghosts
  2 vampire mosquitoes (D:12)
  A steam dragon (D:11)
  A mottled dragon (D:9)
  A water moccasin (D:11)
  Edmund (D:6)
  2 soldier ants (D:8)
  Duvessa (D:7)
  3 porcupines
  8 ice beasts
  5 black bears
  3 orc warriors
  3 sky beasts
  2 phantoms
  4 slaves (D:7)
  A wasp (D:8)
  8 ogres
  3 centaurs
  A crocodile (Lair:1)
  3 big kobolds
  12 bullfrogs
  Dowan (D:7)
  2 scorpions
  9 killer bees
  5 howler monkeys
  10 wights
  2 vampire bats (D:5)
  A bullfrog zombie (D:10)
  7 crimson imps
  A wasp zombie (D:10)
  A quasit (D:10)
  4 bullfrog skeletons
  7 hounds
  4 jellies
  A gnoll shaman (D:5)
  3 orc priests (D:7)
  12 orc wizards
  9 iguanas
  10 worker ants
  2 yak simulacra (D:12)
  2 hell rats (D:11)
  A polar bear simulacrum (D:12)
  3 wolf simulacra (D:12)
  A killer bee zombie (D:9)
  A hound skeleton (D:7)
  A howler monkey zombie (D:7)
  2 worker ant zombies (D:9)
  10 gnolls
  A howler monkey skeleton (D:4)
  3 river rats
  12 adders
  5 shadow imps
  An ooze (D:4)
  An adder zombie (D:6)
  4 adder skeletons
  5 dart slugs
  5 leopard geckos
  23 orcs
  4 giant cockroaches
  4 goblins
  4 hobgoblins
  13 jackals
  8 quokkas
  7 ball pythons
  15 bats
  10 frilled lizards
  A jackal zombie (D:8)
  19 kobolds
  A leopard gecko zombie (D:5)
  A quokka skeleton (D:9)
  A quokka zombie (D:6)
  13 rats
  5 river rat simulacra (D:12)
404 creatures vanquished.

Vanquished Creatures (others)
  A human (D:13)
  2 bushes (D:8)
3 creatures vanquished.

Grand Total: 407 creatures vanquished

Notes
Turn   | Place    | Note
-------+----------+-------------------------------------------
     0 | D:1      | Ijustatesigmund the Deep Elf Wizard began the quest for the Orb.
     0 | D:1      | Reached XP level 1. HP: 10/10 MP: 7/7
   303 | D:1      | Reached XP level 2. HP: 15/15 MP: 2/9
   365 | D:1      | Learned a level 2 spell: Blink
   368 | D:1      | Learned a level 2 spell: Repel Missiles
  1107 | D:2      | Reached XP level 3. HP: 19/19 MP: 5/10
  1469 | D:2      | Found a shattered altar of Ashenzari.
  1617 | D:2      | Reached XP level 4. HP: 24/24 MP: 9/12
  1864 | D:2      | Found a shimmering altar of Xom.
  2103 | D:3      | Reached XP level 5. HP: 18/28 MP: 4/13
  2287 | D:3      | Found a glowing drain.
  2302 | Sewer    | Entered a sewer
  2593 | Sewer    | Reached skill level 5 in Conjurations
  3118 | D:4      | Got a bloodstained falchion
  3119 | D:4      | Identified the cursed +0 falchion of Turmoil {antimagic, +Blink Int-3 Dex-3 SInv} (You found it on level 4 of the Dungeon)
  3203 | D:4      | Found a blossoming altar of Fedhas.
  3346 | D:4      | Learned a level 3 spell: Mephitic Cloud
  3350 | D:4      | Learned a level 3 spell: Conjure Flame
  3394 | D:4      | Noticed an ogre
  3399 | D:4      | Killed an ogre
  3399 | D:4      | Reached skill level 1 in Fire Magic
  3399 | D:4      | Reached skill level 1 in Air Magic
  3399 | D:4      | Reached skill level 1 in Poison Magic
  3399 | D:4      | Reached XP level 6. HP: 32/32 MP: 7/14
  3602 | D:4      | Found Biriasou's Antique Weapon Shoppe.
  3611 | D:4      | Bought a glowing blowgun for 52 gold pieces
  3953 | D:5      | Entered Level 5 of the Dungeon
  3961 | D:5      | Found Plog's Book Shoppe.
  4057 | D:5      | Reached XP level 7. HP: 28/36 MP: 8/15
  4158 | D:5      | Found a staircase to the Ecumenical Temple.
  4164 | Temple   | Entered the Ecumenical Temple
  4714 | D:5      | Reached skill level 1 in Fighting
  4876 | D:5      | Reached skill level 5 in Spellcasting
  5171 | D:5      | Found Giny's Food Emporium.
  5435 | D:5      | Reached XP level 8. HP: 38/44 MP: 11/18
  5679 | D:6      | Noticed Edmund
  5698 | D:6      | Killed Edmund
  5860 | D:6      | Found a shadowy altar of Dithmenos.
  5954 | D:6      | Reached skill level 1 in Short Blades
  6128 | D:6      | Found a glowing golden altar of the Shining One.
  7076 | D:7      | Reached skill level 5 in Short Blades
  7076 | D:7      | Reached skill level 5 in Stealth
  7241 | D:7      | Noticed Pikel
  7401 | D:7      | Reached XP level 9. HP: 46/49 MP: 12/20
  7932 | D:7      | Found Esujiwy's Weapon Shop.
  8233 | D:7      | Noticed Menkaure
  8245 | D:7      | Killed Menkaure
  8387 | D:7      | Noticed Dowan
  8389 | D:7      | Noticed Duvessa
  8400 | D:7      | Killed Dowan
  8423 | D:7      | Found a glowing golden altar of the Shining One.
  8426 | D:7      | Killed Duvessa
  9381 | D:7      | Killed Pikel
  9381 | D:7      | Reached skill level 5 in Dodging
  9587 | Temple   | Became a worshipper of Cheibriados the Contemplative
  9803 | D:7      | Reached skill level 1 in Invocations
  9956 | D:8      | Reached XP level 10. HP: 24/54 MP: 9/21
 10138 | D:8      | Reached skill level 5 in Invocations
 10189 | D:8      | Found a white marble altar of Elyvilon.
 10267 | D:8      | Learned a level 5 spell: Fireball
 10800 | D:8      | Found a deep blue altar of Sif Muna.
 10928 | D:8      | Reached * piety under Cheibriados
 11082 | D:8      | Reached skill level 5 in Fire Magic
 11486 | D:8      | Found a bloodstained altar of Trog.
 11510 | D:8      | HP: 2/54 [poisoned by a soldier ant]
 12587 | D:9      | Got a slimy mace
 12766 | D:9      | Reached ** piety under Cheibriados
 12956 | D:9      | Found Uthriepa's Armour Shoppe.
 13689 | D:10     | Entered Level 10 of the Dungeon
 14118 | D:10     | Reached *** piety under Cheibriados
 14523 | D:10     | Found a staircase to the Orcish Mines.
 14537 | D:10     | Killed an unseen horror
 14537 | D:10     | Reached XP level 11. HP: 49/59 MP: 10/22
 14767 | D:10     | Learned a level 1 spell: Apportation
 15124 | D:11     | Found a staircase to the Lair.
 15127 | D:11     | Reached **** piety under Cheibriados
 15763 | D:11     | Reached skill level 10 in Conjurations
 16279 | D:11     | Noticed a red ugly thing
 16784 | D:11     | Noticed a hill giant
 16803 | D:11     | Killed a hill giant
 16810 | Lair:1   | Entered Level 1 of the Lair of Beasts
 17034 | Lair:1   | Upgraded the game from 0.19-a0-1654-g9d3f708 to 0.19-a0-1670-gc28a5d9
 17169 | Lair:1   | Learned a level 3 spell: Dazzling Spray
 17174 | Lair:1   | Learned a level 4 spell: Fulminant Prism
 17694 | Lair:1   | Noticed a seven-headed hydra
 17757 | D:11     | Killed a red ugly thing
 18056 | D:12     | Noticed a green ugly thing
 18067 | D:12     | Killed a green ugly thing
 18409 | D:12     | Reached ***** piety under Cheibriados
 18663 | D:12     | Noticed a hill giant
 18671 | D:12     | Killed a hill giant
 18873 | D:12     | Noticed a necromancer
 18876 | D:12     | Killed a necromancer
 18876 | D:12     | Reached XP level 12. HP: 64/64 MP: 13/25
 19026 | D:12     | Reached skill level 1 in Hexes
 19087 | D:12     | Found Awnet's Gadget Boutique.
 19749 | D:13     | Found a gate to the Vaults.
 19749 | D:13     | Noticed Urug
 19749 | D:13     | Noticed Nessos
 19749 | D:13     | Noticed a six-headed hydra
 20291 | D:12     | Reached skill level 5 in Hexes
 20935 | D:12     | Reached skill level 10 in Invocations
 21166 | D:13     | Shot with an arrow by Nessos

Vault maps used:
D:1:      minmay_arrival_up_and_down
D:2:      lemuel_round_altar, ashenzari_conservatory_becter, minmay_pentomino_w4
D:3:      portal_sewer_entry_b
D:4:      fedhas_altar_1, serial_shops, nicolae_shop_statue_plus, first_bread,
          kennysheep_generic_room_4
D:5:      serial_shops, nicolae_shop_temple_entry_statues_fountains,
          nicolae_shop_window_shopping, minmay_guarded_unrand_vampires_tooth
D:6:      lemuel_upstairs_altar, grunt_dithmenos_shadows, tso_metal_star,
          uniq_edmund
D:7:      lemuel_doored_altar, serial_shops, nicolae_shop_waterfront,
          uniq_pikel, uniq_menkaure, uniq_duvessa
D:8:      marbit_many_paths, trog_ov_bears_minmay,
          nicolae_overflow_hidden_temple, hangedman_pestilent_swarm
D:9:      serial_park, serial_park_tiny_2, serial_shops, nicolae_shop_waterfront
D:10:     orc_0_dummy
D:11:     dpeg_lair_monsters, st_stairs_13, kennysheep_generic_room_11
D:12:     serial_shops, shop, eino_house_with_fridge
D:13:     david_vaults_3, serial_shops, shop, shop_fountains, shop
Temple:   nicolae_temple_figure_eight
Lair:1:   grunt_megastairs_3
Sewer:    sewer_co_cracked_pipes

Skill      XL: |  1  2  3  4  5  6  7  8  9 10 11 12 |
---------------+-------------------------------------+-----
Conjurations   | 2 3 4 5 7 9 10 | 10.1
Translocations | 2 3 |  3.8
Fire Magic     | 1 2 3 8 9 |  9.4
Air Magic      | 1 2 3 |  3.0
Poison Magic   | 1 2 3 |  3.4
Fighting       | 2 4 |  4.8
Spellcasting   | 5 6 7 |  7.7
Short Blades   | 5 6 |  6.5
Stealth        | 5 6 7 |  7.1
Dodging        | 5 |  5.8
Invocations    | 4 5 9 10 | 10.0
Hexes          | 6 |  6.2
Summonings     | |  1.1

Action                   |  1- 3 |  4- 6 |  7- 9 | 10-12 || total
-------------------------+-------+-------+-------+-------++-------
Melee: Short sword       |     4 |    13 |   147 |   449 ||   613
 Cast: Magic Dart        |    81 |   163 |   466 |   777 ||  1487
       Repel Missiles    |     1 |       |     1 |     1 ||     3
       Conjure Flame     |       |     2 |    12 |    17 ||    31
       Mephitic Cloud    |       |     1 |    22 |    24 ||    47
       Blink             |       |       |    11 |    36 ||    47
       Fireball          |       |       |       |    58 ||    58
       Dazzling Spray    |       |       |       |    20 ||    20
Invok: Bend Time         |       |       |     1 |       ||     1
Evoke: Wand              |       |       |     6 |    10 ||    16
  Use: Scroll            |     6 |     9 |     9 |    14 ||    38
       Potion            |       |     1 |     1 |     5 ||     7
 Stab: Confused          |       |       |     1 |     7 ||     8
       Invisible         |       |       |       |    10 ||    10
       Sleeping          |       |       |       |     3 ||     3
  Eat: Chunk             |     2 |     6 |    10 |    15 ||    33
       Beef jerky        |       |     1 |       |       ||     1
       Bread ration      |       |       |     1 |     1 ||     2
       Fruit             |       |       |     5 |     5 ||    10
       Meat ration       |       |       |       |     2 ||     2
       Pizza             |       |       |       |     1 ||     1
       Royal jelly       |       |       |       |     1 ||     1
Armor: Robe              |     2 |     9 |    20 |    56 ||    87
       Mottled dragon ar |       |       |       |   164 ||   164
Dodge: Dodged            |    21 |    29 |   117 |   604 ||   771
       Deflected         |       |       |     1 |     6 ||     7
